 Dungeon Crawl Stone Soup version 0.23-a0-667-gc184e93 (webtiles) character file.

15493 galech the Cleaver (level 12, -10/103 HPs)
             Began as a Demonspawn Fighter on Jan 8, 2019.
             Was a High Priest of Okawaru.
             Killed from afar by a deep elf mage (15 damage)
             ... with a bolt of lightning
             ... in a bailey.
             The game lasted 00:16:22 (10143 turns).

galech the Cleaver (Demonspawn Fighter)            Turns: 10143, Time: 00:16:23

Health: -10/103    AC: 25    Str: 19    XL:     12   Next: 1%
Magic:  0/13       EV:  6    Int: 10    God:    Okawaru [*****.]
Gold:   991        SH: 16    Dex: 17    Spells: 11/11 levels left

rFire    . . .     SeeInvis .   G - +3 hand axe (flame)
rCold    . . .     Gourm    .   c - +0 shield
rNeg     . . .     Faith    .   l - +1 plate armour
rPois    .         Spirit   +   (helmet restricted)
rElec    .         Reflect  +   (no cloak)
rCorr    .         Harm     .   e - +0 pair of gloves
MR       .....                  (no boots)
Stlth    ..........             b - +4 amulet of reflection
HPRegen  0.27/turn              (no ring)
MPRegen  0.13/turn              (no ring)

@: sanguine armour, studying Maces & Flails
A: antennae 2, powered by death 1, robust 1, shaggy fur 1, strong 1, magic
shield, MP-powered wands, sanguine armour 2
a: Heroism, Finesse, Renounce Religion


You were in a bailey.
You worshipped Okawaru.
Okawaru was extremely pleased with you.
You were not hungry.

You visited 1 branch of the dungeon, and saw 12 of its levels.
You also visited: Ossuary and Bailey.

You collected 991 gold pieces.

Inventory:

Hand Weapons
 a - a +1 war axe
 G - a +3 hand axe of flaming (weapon)
Armour
 c - a +0 shield (worn)
 e - a +0 pair of gloves (worn)
 l - a +1 plate armour (worn)
Jewellery
 b - a +4 amulet of reflection (around neck)
 E - an uncursed amulet of guardian spirit {unknown}
Wands
 q - a wand of random effects (27)
 x - a wand of acid (8)
 y - a wand of iceblast (7)
 D - a wand of enslavement (13)
Scrolls
 n - 2 scrolls of teleportation
 p - 2 scrolls of fog
 s - a scroll of noise
 t - a scroll of random uselessness
 u - a scroll of brand weapon
 w - 3 scrolls of amnesia
 z - a scroll of remove curse
 B - 2 scrolls of fear
 F - a scroll of torment
Potions
 d - 2 potions of might
 g - 4 potions of lignification {unknown}
 h - a potion of magic {unknown}
 i - 4 potions of haste {unknown}
 r - 3 potions of degeneration {unknown}
 A - a potion of brilliance
Books
 v - a manual of Maces & Flails
Comestibles
 f - 30 rations
 j - 3 chunks of flesh


   Skills:
 + Level 8.5 Fighting
 + Level 11.8 Axes
 + Level 7.6 Armour
 + Level 2.2 Dodging
 + Level 0.3 Stealth
 + Level 9.2 Shields
 + Level 1.5 Invocations


You had 11 spell levels left.
You didn't know any spells.
Your spell library contained the following spells:

 Spells                   Type           Power        Failure   Level  Hunger
 Animate Skeleton         Necr           N/A          100%        1    ##.....
 Apportation              Tloc           #.....       100%        1    ##.....
 Beastly Appendage        Tmut           #.....       100%        1    ##.....
 Confusing Touch          Hex            #.....       100%        1    ##.....
 Summon Small Mammal      Summ           #...         100%        1    ##.....
 Sticks to Snakes         Tmut           #.......     100%        2    ###....
 Spider Form              Tmut/Pois      #.........   100%        3    ####...
 Ice Form                 Ice/Tmut       #.......     100%        4    #####..
 Blade Hands              Tmut           #.........   100%        5    ######.


Dungeon Overview and Level Annotations

Branches:
Dungeon (12/15)            Temple (0/1) D:6            Lair (0/6) D:8
    Orc (0/2) D:12

Altars:
Ashenzari
Elyvilon
Gozag
Hepliaklqana
Kikubaaqudgha
Makhleb
Nemelex Xobeh
Okawaru
Qazlal
Sif Muna
Uskayaw
Zin
Beogh

Shops:
D:4 [[[}(   D:5 (   D:6 !   D:11 ?([*

Annotations:
D:12 Frances


Innate Abilities, Weirdness & Mutations

You have a pair of antennae on your head.
You regenerate a little health from kills.
When hurt, damage is shared between your health and your magic reserves.
When seriously injured, your bleeding wounds create thick armour. (AC +9)
You are robust. (+10% HP)
You are covered in fur. (AC +1)
Your muscles are strong. (Str +2)
You expend magic power (3 MP) to strengthen your wands.


Message History

The deep elf mage casts a spell at you. The bolt of lightning hits you!
* * * LOW HITPOINT WARNING * * *
The bolt of lightning hits you!
* * * LOW HITPOINT WARNING * * *
The fire elemental hits you. The fire elemental burns you!
* * * LOW HITPOINT WARNING * * *
You feel better. You block the fire elemental's attack.
The deep elf mage hits you but does no damage.
You don't have enough magic at the moment.
You feel better. You block the fire elemental's attack.
You block the deep elf mage's attack. The fire elemental hits you.
The fire elemental burns you!
* * * LOW HITPOINT WARNING * * *
Your plate armour prevents you from hitting the deep elf mage.
The deep elf mage is lightly wounded.
You hit the fire elemental.
The deep elf mage gestures at you while chanting.
The bolt of lightning hits you!
You die...

##..°# #...##
#..E.. .....#
#.°..○ .....#
#..E.E .....#
#..{{#)...#
#####[#####
##...)#....##
#...E.#.....#
{
#..@..#..∩..#
{
#..e..#.....#
##...###...###
.######'##..##
..
##...##....#
...
#.....#....#
##.
#..∩..##..##
## ##...######
#####


You could see a deep elf mage and a fire elemental.

Vanquished Creatures
  A hydra (D:10)
  2 two-headed ogres (D:11)
  A manticore (D:11)
  2 ugly things
  5 deep elf magi (Bailey)
  An elephant (D:8)
  The ghost of Lanoc the Slasher, a novice MiCK of Xom (D:6)
  2 trolls (D:9)
  2 dream sheep (D:10)
  2 hippogriffs
  A vampire (D:11)
  11 yaks
  A wyvern (D:11)
  A basilisk (D:8)
  A hungry ghost (D:12)
  A water moccasin (D:9)
  7 orc warriors
  2 sky beasts (D:9)
  A black bear (D:7)
  A necrophage (D:10)
  6 phantoms
  2 ice beasts
  4 centaurs
  7 ogres
  5 big kobolds
  A crocodile (D:8)
  4 bullfrogs
  2 scorpions (D:5)
  3 wights (D:10)
  5 howler monkeys
  8 crimson imps
  2 centaur zombies
  2 jellies
  A bullfrog skeleton (D:4)
  3 orc priests
  6 hounds
  12 orc wizards
  Ijyb (D:3)
  2 centaur skeletons
  3 iguanas
  11 worker ants
  3 big kobold zombies (Ossuary)
  2 hound zombies
  2 mummies (Ossuary)
  A worker ant zombie (D:6)
  A howler monkey zombie (D:11)
  Robin (D:3)
  11 adders
  A shadow imp (D:11)
  An ooze (D:4)
  2 adder zombies
  2 adder skeletons
  3 worms (D:3)
  4 dart slugs
  5 leopard geckos
  59 orcs
  2 ball pythons (D:4)
  4 bats
  A bat zombie (D:4)
  3 giant cockroaches
  4 gnoll zombies (Ossuary)
  23 goblins
  6 hobgoblins
  6 jackals
  2 quokkas
  2 frilled lizards (D:1)
  2 goblin zombies (Ossuary)
  A hobgoblin zombie (Ossuary)
  12 kobolds
  A leopard gecko skeleton (D:7)
  A leopard gecko zombie (D:7)
  3 orc zombies (Ossuary)
  7 rats
  A rat zombie (D:4)
315 creatures vanquished.

Vanquished Creatures (others)
  A manticore (D:11)
  2 centaurs
  2 kobolds
  A goblin (D:3)
6 creatures vanquished.

Grand Total: 321 creatures vanquished

Notes
Turn   | Place    | Note
-------+----------+-------------------------------------------
     0 | D:1      | galech the Demonspawn Fighter began the quest for the Orb.
     0 | D:1      | Reached XP level 1. HP: 18/18 MP: 1/1
   198 | D:1      | Gained mutation: When hurt, damage is shared between your
                  | health and your magic reserves. [demonic ancestry]
   198 | D:1      | Reached XP level 2. HP: 24/24 MP: 2/2
   469 | D:1      | Reached skill level 2 in Axes
   843 | D:2      | Gained mutation: You have a pair of small antennae on your
                  | head. [demonic ancestry]
   843 | D:2      | Reached XP level 3. HP: 24/29 MP: 3/3
   933 | D:2      | Found a hazy altar of Hepliaklqana.
  1027 | D:2      | Gained mutation: You have sharp toenails. [potion of
                  | mutation]
  1027 | D:2      | Gained mutation: You do not regenerate when monsters are
                  | visible. [potion of mutation]
  1027 | D:2      | Gained mutation: You expend magic power (3 MP) to
                  | strengthen your wands. [potion of mutation]
  1306 | D:2      | Lost mutation: You have sharp toenails. [potion of
                  | mutation]
  1306 | D:2      | Lost mutation: You expend magic power (3 MP) to strengthen
                  | your wands. [potion of mutation]
  1306 | D:2      | Lost mutation: You do not regenerate when monsters are
                  | visible. [potion of mutation]
  1306 | D:2      | Gained mutation: You expend magic power (3 MP) to
                  | strengthen your wands. [potion of mutation]
  1306 | D:2      | Gained mutation: You are robust. (+10% HP) [potion of
                  | mutation]
  1306 | D:2      | Gained mutation: Your muscles are strong. (Str +2) [potion
                  | of mutation]
  1306 | D:2      | Gained mutation: You are covered in fur. (AC +1) [potion of
                  | mutation]
  1396 | D:2      | Found a deep blue altar of Sif Muna.
  1758 | D:3      | Noticed an ogre
  1763 | D:3      | Gained mutation: When seriously injured, your bleeding
                  | wounds create armour. (AC +9) [demonic ancestry]
  1763 | D:3      | Reached XP level 4. HP: 33/38 MP: 4/4
  1770 | D:3      | Killed an ogre
  1770 | D:3      | Reached skill level 3 in Axes
  1770 | D:3      | Reached XP level 5. HP: 33/45 MP: 3/5
  1912 | D:3      | Found an iron altar of Okawaru.
  1932 | D:3      | Became a worshipper of Warmaster Okawaru
  2092 | D:3      | Noticed Robin
  2148 | D:3      | Killed Robin
  2313 | D:3      | Found a faded altar of an unknown god.
  2313 | D:3      | Noticed Ijyb
  2339 | D:3      | Killed Ijyb
  2477 | D:4      | Found Efamea's Armour Boutique.
  2504 | D:4      | Gained mutation: You regenerate a little health from kills.
                  | [demonic ancestry]
  2504 | D:4      | Reached XP level 6. HP: 51/51 MP: 6/6
  2562 | D:4      | Reached skill level 4 in Axes
  2609 | D:4      | Found Jijic's Antique Armour Emporium.
  2808 | D:4      | Found Gut Tyn's Armour Emporium.
  2838 | D:4      | Reached XP level 7. HP: 42/57 MP: 4/7
  2942 | D:4      | Reached * piety under Okawaru
  3016 | D:4      | Found Hicoilir's Gadget Emporium.
  3040 | D:4      | Found Foamon's Weapon Boutique.
  3303 | D:4      | Found an ancient bone altar of Kikubaaqudgha.
  3546 | D:5      | Entered Level 5 of the Dungeon
  3546 | D:5      | Found Qeffo's Weapon Emporium.
  3560 | D:5      | Reached skill level 5 in Shields
  3766 | D:5      | Reached skill level 5 in Axes
  4057 | D:5      | Reached XP level 8. HP: 58/66 MP: 8/8
  4080 | D:5      | Reached ** piety under Okawaru
  4088 | D:5      | Found a stormy altar of Qazlal.
  4299 | D:6      | Found Latigh's Distillery.
  4310 | D:6      | Found an ancient bone altar of Kikubaaqudgha.
  4322 | D:6      | Reached skill level 6 in Axes
  4483 | D:6      | Reached skill level 1 in Dodging
  4603 | D:6      | Found a runed gate.
  4604 | D:6      | Found a runed gate.
  4605 | D:6      | Found a runed gate.
  4613 | D:6      | Noticed Lanoc's ghost (novice MiCK)
  4645 | D:6      | Killed Lanoc's ghost
  4764 | D:6      | Found a white marble altar of Elyvilon.
  4776 | D:6      | Reached skill level 7 in Axes
  4826 | D:6      | Reached skill level 5 in Armour
  4826 | D:6      | Reached XP level 9. HP: 52/73 MP: 6/9
  4836 | D:6      | Found a staircase to the Ecumenical Temple.
  4943 | D:6      | Found a sparkling altar of Nemelex Xobeh.
  4943 | D:6      | Found an opulent altar of Gozag.
  5097 | D:6      | Found a glowing silver altar of Zin.
  5097 | D:6      | Noticed an angel
  5377 | D:7      | Reached skill level 5 in Fighting
  5948 | D:8      | Found a hide-covered altar of Uskayaw.
  5996 | D:8      | Found a sand-covered staircase.
  6003 | Ossuary  | Entered an ossuary
  6028 | Ossuary  | Reached *** piety under Okawaru
  6028 | Ossuary  | Reached skill level 8 in Axes
  6179 | D:8      | Got a bloodstained robe
  6190 | D:8      | Identified the +2 robe of the Barnacle {Str+2} (You found
                  | it on level 8 of the Dungeon)
  6251 | D:8      | Found a shattered altar of Ashenzari.
  6302 | D:8      | Found a staircase to the Lair.
  6302 | D:8      | Noticed an elephant
  6374 | D:8      | Killed an elephant
  6578 | D:8      | Found a burning altar of Makhleb.
  6805 | D:8      | Gained mutation: You have a pair of antennae on your head.
                  | [demonic ancestry]
  6805 | D:8      | Reached XP level 10. HP: 83/83 MP: 10/10
  6870 | D:8      | Reached skill level 9 in Axes
  7228 | D:9      | Reached **** piety under Okawaru
  7749 | D:10     | Entered Level 10 of the Dungeon
  7783 | D:10     | Found a roughly hewn altar of Beogh.
  8447 | D:10     | Reached skill level 10 in Axes
  8473 | D:10     | HP: 3/84 [yak (26)]
  8766 | D:10     | Noticed a two-headed hydra
  8769 | D:10     | Killed a one-headed hydra
  8769 | D:10     | Reached ***** piety under Okawaru
  8933 | D:11     | Noticed a white ugly thing
  8938 | D:11     | Gained mutation: When seriously injured, your bleeding
                  | wounds create thick armour. (AC +9) [demonic ancestry]
  8938 | D:11     | Reached XP level 11. HP: 92/92 MP: 8/11
  8946 | D:11     | Killed a white ugly thing
  8946 | D:11     | Reached skill level 1 in Invocations
  8965 | D:11     | Noticed a two-headed ogre
  8983 | D:11     | Received a gift from Okawaru
  8997 | D:11     | Killed a two-headed ogre
  8997 | D:11     | Reached skill level 11 in Axes
  9013 | D:11     | Noticed a two-headed ogre
  9025 | D:11     | Killed a two-headed ogre
  9025 | D:11     | Received a gift from Okawaru
  9105 | D:11     | Found Okuxzy's Antique Weapon Shoppe.
  9175 | D:11     | Found Yrghauhy's Antique Armour Shoppe.
  9365 | D:11     | Found Saply's Magic Scroll Shoppe.
  9584 | D:11     | Found Daqaunif's Assorted Antiques.
  9688 | D:12     | Found a flagged portal.
  9688 | D:12     | Noticed a green ugly thing
  9726 | D:12     | Killed a green ugly thing
  9946 | D:12     | Noticed Frances
  9948 | Bailey   | Entered a bailey
 10096 | Bailey   | Noticed a deep elf mage
 10100 | Bailey   | Killed a deep elf mage
 10114 | Bailey   | Noticed a deep elf mage
 10115 | Bailey   | Noticed a deep elf mage
 10115 | Bailey   | Noticed a deep elf mage
 10115 | Bailey   | Noticed a deep elf mage
 10115 | Bailey   | Noticed a deep elf mage
 10119 | Bailey   | Noticed a deep elf mage
 10122 | Bailey   | Killed a deep elf mage
 10125 | Bailey   | Killed a deep elf mage
 10125 | Bailey   | Received a gift from Okawaru
 10129 | Bailey   | Killed a deep elf mage
 10130 | Bailey   | Killed a deep elf mage
 10130 | Bailey   | Reached XP level 12. HP: 53/103 MP: 5/13
 10140 | Bailey   | HP: 4/103 [fire elemental[a deep elf mage] (7)]
 10143 | Bailey   | Killed from afar by a deep elf mage

Vault maps used:
D:1:      dpeg_arrival_ratfight, serial_bayou_lagoon_b
D:2:      lemuel_crystal_altar, led_sif_pool
D:3:      okawaru_metal_pillars_3, first_ration,
          chequers_ecumenical_altar_simple, minmay_between, uniq_ijyb,
          uniq_robin
D:4:      lemuel_zombie_altar_kikubaaqudgha, serial_shops, shop,
          kennysheep_mini_moat, shop, nicolae_shop_crystal, shop,
          kennysheep_decorative_pillar
D:5:      nicolae_qazlal_general_emergency, serial_shops,
          nicolae_shop_statue_plus
D:6:      grunt_temple_overflow_opulence, zin_angel, elyvilon_altar_3,
          minmay_temple_entry_wispy, ebering_ghost_rock_garden, serial_shops,
          shop, basic_altar, minmay_manual_mares
D:8:      kennysheep_mini, kennysheep_little_box, lemuel_crystal_altar,
          david_lair_generic, enter_ossuary_1
D:10:     serial_glass, glass_columns_a, glass_columns_b, hangedman_ranch
D:11:     serial_shops, nicolae_shop_behind_doors, shop, shop,
          nicolae_shop_statue_plus, hangedman_abyss_or_decor_passed
D:12:     david_orc_2, enter_bailey_3, serial_column_ruins, column_ruins_hut,
          column_ruins_grid_2, column_ruins_grid_1, column_ruins_grid_1,
          column_ruins_open_tiny, column_ruins_grid_3,
          column_ruins_open_small_water, uniq_frances
Ossuary:  minmay_ossuary_gauntlet
Bailey:   bailey_polearm_3, bailey

Skill      XL: |  1  2  3  4  5  6  7  8  9 10 11 |
---------------+----------------------------------+-----
Armour         | 3 4 5 6 7 |  7.6
Axes           | 2 3 4 5 7 8 10 11 | 11.8
Shields        | 3 4 5 6 7 8 9 |  9.2
Fighting       | 4 5 7 8 |  8.5
Dodging        | 1 2 |  2.2
Invocations    | 1 |  1.5
Stealth        | |  0.3

Action                   |  1- 3 |  4- 6 |  7- 9 | 10-12 || total
-------------------------+-------+-------+-------+-------++-------
Melee: War axe           |   151 |   222 |   548 |   300 ||  1221
       Kick              |     4 |       |       |       ||     4
       Hand axe          |       |       |       |   260 ||   260
Invok: Heroism           |       |       |     4 |    11 ||    15
  Use: Scroll            |     5 |     3 |     4 |     7 ||    19
       Potion            |     4 |     2 |       |     7 ||    13
  Eat: Chunk             |     2 |     5 |    14 |     9 ||    30
       Ration            |       |       |       |     1 ||     1
Armor: Scale mail        |    59 |       |       |       ||    59
       Plate armour      |    41 |   164 |   294 |   221 ||   720
Dodge: Dodged            |    33 |    21 |    71 |    86 ||   211
Block: Shield            |    69 |   206 |   416 |   433 ||  1124
       Reflection        |       |     5 |     8 |    14 ||    27

Table legend:
 A = Non-vault XP
 B = Vault XP
 C = Vault XP percentage of total XP
 D = Non-vault monster count
 E = Vault monster count
 F = Vault count percentage of total count
                 A         B        C        D         E       F
            +---------+---------+-------+---------+---------+-------
      Total |   14665 |    7468 |  33.7 |     230 |      90 |  28.1
            +---------+---------+-------+---------+---------+-------
        D:1 |      32 |       5 |  13.5 |      16 |       5 |  23.8
        D:2 |      44 |       0 |   0.0 |       9 |       0 |   0.0
        D:3 |     204 |      80 |  28.2 |      23 |      16 |  41.0
        D:4 |     572 |       3 |   0.5 |      23 |       2 |   8.0
        D:5 |     559 |       0 |   0.0 |      17 |       0 |   0.0
        D:6 |     959 |     677 |  41.4 |      26 |       3 |  10.3
        D:7 |     555 |       0 |   0.0 |      10 |       0 |   0.0
        D:8 |     840 |     980 |  53.8 |      28 |       4 |  12.5
        D:9 |    1463 |       0 |   0.0 |      14 |       0 |   0.0
       D:10 |    1202 |    2581 |  68.2 |      14 |      34 |  70.8
       D:11 |    6931 |       0 |   0.0 |      38 |       0 |   0.0
       D:12 |    1304 |     137 |   9.5 |      12 |       5 |  29.4
    Ossuary |       0 |     174 | 100.0 |       0 |      16 | 100.0
     Bailey |       0 |    2831 | 100.0 |       0 |       5 | 100.0
            +---------+---------+-------+---------+---------+-------
